 Dungeon Crawl Stone Soup version 0.22.1-2-g9c5b331 (webtiles) character file.

9167 teukkam the Blocker (level 11, -6/99 HPs)
             Began as a Minotaur Fighter on Nov 22, 2018.
             Was a High Priest of Wu Jian.
             Mangled by Snorg (18 damage)
             ... on level 10 of the Dungeon.
             The game lasted 00:53:37 (8848 turns).

teukkam the Blocker (Minotaur Fighter)              Turns: 8848, Time: 00:53:37

Health: -6/99      AC: 13    Str: 24    XL:     11   Next: 19%
Magic:  10/10      EV: 10    Int:  5    God:    Wu Jian [*****.]
Gold:   584        SH: 12    Dex: 10    Spells: 10/10 levels left

rFire    . . .     SeeInvis .   a - +1 hand axe (venom)
rCold    . . .     Gourm    .   c - +0 shield
rNeg     . . .     Faith    .   J - +0 acid dragon scales
rPois    +         Spirit   .   (helmet restricted)
rElec    .         Reflect  .   D - +0 cloak
rCorr    +         Harm     .   O - +2 pair of gloves
MR       .....                  (no boots)
Stlth    +.........             (no amulet)
HPRegen  0.26/turn              n - ring of poison resistance
MPRegen  0.12/turn              i - ring of flight

@: no status effects
A: retaliatory headbutt, horns 2
a: Wall Jump, Serpent's Lash, Heavenly Storm, Renounce Religion, Evoke Flight


You were on level 10 of the Dungeon.
You worshipped Wu Jian.
Wu Jian was extremely pleased with you.
You were not hungry.

You visited 1 branch of the dungeon, and saw 10 of its levels.
You also visited: Sewer.

You collected 584 gold pieces.

Inventory:

Hand Weapons
 a - a +1 hand axe of venom (weapon)
 b - a +0 hunting sling
 l - a +3 mace of protection
 w - a +0 war axe
 y - a +0 whip of flaming
 M - a -2 hand axe
Missiles
 o - 113 bolts
 q - 47 poisoned needles
 r - 96 sling bullets
 s - 150 arrows
 x - 115 stones
 H - a tomahawk
 K - 4 throwing nets
 L - 3 silver tomahawks (quivered)
Armour
 c - a +0 shield (worn)
 p - a +1 scale mail
 B - a +2 pair of gloves
 D - a +0 cloak (worn)
 J - +0 acid dragon scales (worn)
 O - a +2 pair of gloves (worn)
Jewellery
 i - a ring of flight (right hand)
 n - a ring of poison resistance (left hand)
 I - an uncursed ring of teleportation
Wands
 v - a wand of flame (15)
 F - a wand of iceblast (15)
 Q - a wand of digging (10)
Scrolls
 e - a scroll of fear
 g - 2 scrolls of enchant weapon
 j - 5 scrolls of remove curse
 k - 8 scrolls of identify
 u - 2 scrolls of teleportation
 C - a scroll of blinking
 G - 2 scrolls of amnesia {unknown}
 P - 2 scrolls of immolation
Potions
 d - 2 potions of might
 h - a potion of mutation
 m - a potion of magic {unknown}
 t - 4 potions of curing {unknown}
 z - 5 potions of degeneration {unknown}
 A - a potion of heal wounds {unknown}
 E - a potion of cancellation {unknown}
Comestibles
 f - 26 rations
 N - 3 chunks of flesh


   Skills:
 + Level 10.1 Fighting
 + Level 8.4(9.0) Axes
 - Level 4.6(7.1) Maces & Flails
 + Level 8.0(8.1) Slings
 - Level 1.8(4.9) Throwing
 + Level 10.1 Armour
 + Level 10.1 Shields


You had 10 spell levels left.
You didn't know any spells.
Your spell library was empty.

Dungeon Overview and Level Annotations

Branches:
Dungeon (10/15)            Temple (0/1) D:4             Orc (0/2) D:9
   Lair: D:8-11

Altars:
Ashenzari
Cheibriados
Elyvilon
Fedhas
Gozag
Hepliaklqana
Makhleb
Sif Muna
Uskayaw
Vehumet
Wu Jian
Yredelemnul
Zin

Shops:
D:6 }

Annotations:
D:4 exclusion: statue
D:10 Snorg


Innate Abilities, Weirdness & Mutations

You reflexively headbutt those who attack you in melee.
You have a pair of horns on your head.


Message History

Snorg is lightly wounded.
Snorg barely misses you. Snorg claws you. Snorg claws you but does no damage.
You block Snorg's attack. Snorg closely misses you. Snorg claws you!
You spin and attack Snorg.
You slash Snorg!
Snorg looks as sick as possible!
Snorg is lightly wounded.
You block Snorg's attack. Snorg claws you! Snorg claws you.
You lunge at Snorg, in a flurry of attacks.
You slash Snorg!
Snorg looks as sick as possible!
You headbutt Snorg.
Snorg is moderately wounded.
You closely miss Snorg.
Snorg is moderately wounded.
Snorg bites you. You block Snorg's attack. Snorg claws you. Snorg bites you.
You block Snorg's attack. Snorg claws you!
* * * LOW HITPOINT WARNING * * *
Snorg bites you but does no damage. Snorg claws you!
* * * LOW HITPOINT WARNING * * *
Snorg closely misses you.
Snorg rages.
You block Snorg's attack. x2; Snorg claws you!!
You die...

#.......# #.# .T
#.#####.# #.######.# #.#
#.# #.†.yy...# #.# #.#
#y######.# #.# #.# #.# #
#.# #.# #y# #.# #.# #y#
####.#####.######T######
................@........
####.########.##########.
#.# #.# #.# #.# #.# #.#
#.# #.# #.# #.. #.# #.#
..#


You could see Snorg (berserk) and 3 killer bees.

Vanquished Creatures
  Harold (D:7)
  Pikel (D:6)
  A cyclops (D:9)
  Joseph (D:8)
  A gargoyle (D:10)
  A hornet (D:9)
  A slime creature (D:6)
  Prince Ribbit (D:8)
  2 hippogriffs
  8 yaks
  A wyvern (D:8)
  A hungry ghost (D:8)
  A water moccasin (D:10)
  6 orc warriors
  2 phantoms
  2 black bears (D:9)
  6 ice beasts
  A sky beast (D:7)
  3 slaves (D:6)
  3 ogres
  2 necrophages (D:7)
  4 centaurs
  A crocodile (D:9)
  5 bullfrogs
  A wyvern skeleton (D:7)
  4 scorpions
  6 killer bees
  2 howler monkeys (D:5)
  2 crimson imps
  3 jellies
  2 hounds
  5 orc priests
  2 bullfrog skeletons (D:4)
  4 iguanas
  6 orc wizards
  Natasha (D:3)
  5 worker ants
  A killer bee zombie (D:5)
  A hound skeleton (D:7)
  Robin (D:3)
  19 adders
  5 river rats (D:5)
  A shadow imp (D:6)
  5 oozes
  An adder skeleton (D:9)
  5 worms
  5 dart slugs
  15 leopard geckos
  40 orcs
  12 ball pythons
  16 giant cockroaches
  12 goblins
  8 hobgoblins
  8 kobolds
  A quokka (D:6)
  3 bats
  15 frilled lizards
  A leopard gecko skeleton (D:5)
  A leopard gecko zombie (D:5)
  5 rats
280 creatures vanquished.

Notes
Turn   | Place    | Note
-------+----------+-------------------------------------------
     0 | D:1      | teukkam the Minotaur Fighter began the quest for the Orb.
     0 | D:1      | Reached XP level 1. HP: 19/19 MP: 0/0
    76 | D:1      | Reached XP level 2. HP: 21/27 MP: 1/1
   564 | D:3      | Reached XP level 3. HP: 32/33 MP: 2/2
   577 | D:4      | Found an ornate altar of the Wu Jian Council.
   596 | D:4      | Became a worshipper of the Wu Jian Council
  1001 | D:2      | Reached XP level 4. HP: 36/40 MP: 3/3
  1034 | D:2      | Reached skill level 1 in Throwing
  1203 | D:2      | Found a hide-covered altar of Uskayaw.
  1315 | D:2      | Found a faded altar of an unknown god.
  1579 | D:3      | Noticed Robin
  1649 | D:3      | Reached XP level 5. HP: 9/47 MP: 4/4
  1777 | D:3      | Killed Robin
  1891 | D:3      | Reached * piety under Wu Jian
  1969 | D:3      | Found a white marble altar of Elyvilon.
  2102 | D:3      | Noticed Natasha
  2112 | D:3      | Killed Natasha
  2311 | D:4      | Found a staircase to the Ecumenical Temple.
  2355 | D:4      | Noticed an ice beast
  2379 | D:4      | Killed an ice beast
  2379 | D:4      | Reached skill level 5 in Fighting
  2379 | D:4      | Reached skill level 1 in Maces & Flails
  2379 | D:4      | Reached skill level 5 in Armour
  2379 | D:4      | Reached skill level 5 in Shields
  2379 | D:4      | Reached XP level 6. HP: 44/56 MP: 5/5
  2433 | D:4      | Reached skill level 1 in Slings
  2707 | D:4      | Reached XP level 7. HP: 41/61 MP: 6/6
  2812 | D:4      | Found a radiant altar of Vehumet.
  3046 | D:5      | Entered Level 5 of the Dungeon
  3302 | D:5      | Reached ** piety under Wu Jian
  3336 | D:5      | Found a glowing drain.
  3343 | Sewer    | Entered a sewer
  3673 | Sewer    | Reached *** piety under Wu Jian
  3968 | D:5      | Noticed a hippogriff
  3983 | D:5      | Killed a hippogriff
  3983 | D:5      | Reached XP level 8. HP: 58/71 MP: 7/7
  4581 | D:6      | Found a deep blue altar of Sif Muna.
  4581 | D:6      | Found a transporter.
  4583 | D:6      | Noticed a slime creature
  4587 | D:6      | Found a transporter.
  4621 | D:6      | Killed a slime creature
  4818 | D:6      | Noticed Pikel
  4850 | D:6      | Killed Pikel
  4850 | D:6      | Reached skill level 5 in Slings
  4850 | D:6      | Reached XP level 9. HP: 79/79 MP: 8/8
  4898 | D:6      | Reached skill level 5 in Axes
  4906 | D:6      | Reached **** piety under Wu Jian
  5095 | D:6      | Found Tuev's Gadget Shop.
  5426 | D:6      | Found a basalt altar of Yredelemnul.
  5861 | D:7      | Found a glowing silver altar of Zin.
  6023 | D:7      | Found a burning altar of Makhleb.
  6117 | D:7      | Noticed Harold
  6142 | D:7      | Killed Harold
  6142 | D:7      | Reached XP level 10. HP: 87/90 MP: 9/9
  6538 | D:8      | Noticed Prince Ribbit
  6563 | D:8      | Killed Prince Ribbit
  6926 | D:8      | Noticed Joseph
  6949 | D:8      | Killed Joseph
  7168 | D:8      | Found an opulent altar of Gozag.
  7261 | D:9      | Reached ***** piety under Wu Jian
  7374 | D:9      | Found a blossoming altar of Fedhas.
  7374 | D:9      | Found a faded altar of an unknown god.
  7382 | D:9      | Found a hazy altar of Hepliaklqana.
  7384 | D:9      | Found a faded altar of an unknown god.
  7385 | D:9      | Found a shattered altar of Ashenzari.
  7420 | D:9      | Paralysed by a hornet for 2 turns
  7972 | D:9      | Found a snail-covered altar of Cheibriados.
  8100 | D:9      | Noticed a cyclops
  8117 | D:9      | Killed a cyclops
  8146 | D:9      | Reached XP level 11. HP: 85/99 MP: 10/10
  8156 | D:9      | Reached skill level 10 in Shields
  8158 | D:9      | Reached skill level 10 in Armour
  8270 | D:9      | Found a staircase to the Orcish Mines.
  8472 | D:10     | Entered Level 10 of the Dungeon
  8480 | D:9      | Reached skill level 10 in Fighting
  8817 | D:10     | Noticed Snorg
  8848 | D:10     | Mangled by Snorg

Skill      XL: |  1  2  3  4  5  6  7  8  9 10 11 |
---------------+----------------------------------+-----
Fighting       | 4 5 6 7 8 9 10 | 10.1
Shields        | 4 5 6 7 8 9 10 | 10.1
Armour         | 4 5 6 7 8 9 10 | 10.1
Axes           | 3 4 6 8 |  8.4
Throwing       | 1 |  1.8
Maces & Flails | 1 2 4 |  4.6
Slings         | 2 3 5 6 7 8 |  8.0

Action                   |  1- 3 |  4- 6 |  7- 9 | 10-12 || total
-------------------------+-------+-------+-------+-------++-------
Melee: War axe           |    72 |    68 |       |       ||   140
       Headbutt          |    12 |    19 |    58 |    67 ||   156
       Mace              |       |    92 |   253 |       ||   345
       Hand axe          |       |       |   147 |   297 ||   444
       Whip              |       |       |       |     4 ||     4
 Fire: Hunting sling     |       |     7 |    96 |    69 ||   172
Throw: Tomahawk          |       |    18 |     7 |     3 ||    28
Invok: Lunge             |     2 |    16 |    22 |    11 ||    51
       Whirlwind         |       |    47 |   187 |   132 ||   366
       Wall Jump         |       |       |    56 |    65 ||   121
Evoke: Wand              |       |       |     1 |       ||     1
  Use: Scroll            |       |       |    11 |     1 ||    12
  Eat: Chunk             |       |     4 |     2 |     7 ||    13
       Ration            |       |     1 |     3 |     1 ||     5
Armor: Scale mail        |    21 |    60 |   144 |       ||   225
       Acid dragon scale |       |       |     8 |    79 ||    87
Dodge: Dodged            |    18 |    53 |    97 |    85 ||   253
Block: Shield            |    35 |    66 |   178 |   158 ||   437
